 Dungeon Crawl Stone Soup version 0.22.0-6-g71bd7aa (webtiles) character file.

105 wojtek the Chopper (level 4, -1/39 HPs)
             Began as a Minotaur Fighter on Aug 15, 2018.
             Killed from afar by Crazy Yiuf (6 damage)
             ... with a wand of flame (30)
             ... on level 2 of the Dungeon.
             The game lasted 00:01:17 (1247 turns).

wojtek the Chopper (Minotaur Fighter)               Turns: 1247, Time: 00:01:18

Health: -1/39      AC:  6    Str: 21    XL:     4   Next: 53%
Magic:  3/3        EV:  7    Int:  5    God:
Gold:   91         SH:  9    Dex: 10    Spells: 3/3 levels left

rFire    . . .     SeeInvis +   a - +0 war axe
rCold    . . .     Gourm    .   c - +0 shield
rNeg     . . .     Faith    .   b - +0 scale mail
rPois    .         Spirit   .   (helmet restricted)
rElec    .         Reflect  .   (no cloak)
rCorr    .         Harm     .   (no gloves)
MR       .....                  (no boots)
Stlth    ..........             (no amulet)
HPRegen  0.13/turn              i - ring of see invisible
MPRegen  0.08/turn              (no ring)

@: drained
A: retaliatory headbutt, horns 2
a: no special abilities


You were on level 2 of the Dungeon.
You were not hungry.

You visited 1 branch of the dungeon, and saw 2 of its levels.

You collected 91 gold pieces.

Inventory:

Hand Weapons
 a - a +0 war axe (weapon)
Armour
 b - a +0 scale mail (worn)
 c - a +0 shield (worn)
Jewellery
 i - a ring of see invisible (left hand)
Scrolls
 e - 2 scrolls of immolation {unknown}
 g - 2 scrolls of enchant weapon {unknown}
 h - a scroll of identify {unknown}
 k - a scroll of amnesia {unknown}
 l - a scroll of random uselessness {unknown}
 m - a scroll of fog {unknown}
Potions
 d - a potion of might
Comestibles
 f - a ration
 j - a chunk of flesh


   Skills:
 - Level 3.6(3.4) Fighting
 + Level 5.9(5.6) Axes
 - Level 3.6(3.4) Armour
 - Level 3.6(3.4) Shields


You had 3 spell levels left.
You didn't know any spells.
Your spell library was empty.

Dungeon Overview and Level Annotations

Branches:
Dungeon (2/15)

Altars:
Fedhas
Ru
Sif Muna
Trog
Vehumet
Wu Jian

Annotations:
D:2 Crazy Yiuf


Innate Abilities, Weirdness & Mutations

You reflexively headbutt those who attack you in melee.
You have a pair of horns on your head.


Message History

You hit Crazy Yiuf.
Crazy Yiuf is heavily wounded.
Crazy Yiuf zaps a wand.
You block the puff of flame. Crazy Yiuf hits you but does no damage.
You closely miss Crazy Yiuf.
Crazy Yiuf is heavily wounded.
Crazy Yiuf hits you but does no damage.
You feel drained.
Your shield and scale mail prevent you from hitting Crazy Yiuf.
Crazy Yiuf is heavily wounded.
Crazy Yiuf zaps a wand.
The puff of flame hits you!
You closely miss Crazy Yiuf.
Crazy Yiuf is heavily wounded.
Crazy Yiuf hits you with a quarterstaff of chaos!
* * * LOW HITPOINT WARNING * * *
You barely miss Crazy Yiuf.
Crazy Yiuf is heavily wounded.
You block Crazy Yiuf's attack.
Crazy Yiuf whimpers, "Cards sanguine agre!"
Crazy Yiuf zaps a wand.
The puff of flame hits you!
You die...

#####.# ###_###...#..^##
#.....################...#..#
#.###................###.##.#
#.# ###############..##......
#.# #..##..>)## #.#
#..####...# #.###♣♣ #### #..#
#.... #.....♣♣ ♣♣#..)# #.)#
###.. #......♣♣♣♣.@g..#
#..######## ##......♣..♣#...#
#.......... ##....♣.♣♣♣ ####
#..######## ###♣♣♣♣♣ #..# ##.
#### #.. ### ##.# #.#
######..# #.# #......## #.##
#.##...##


You could see Crazy Yiuf.

Vanquished Creatures
  A hound (D:2)
  3 adders (D:2)
  An ooze (D:2)
  A dart slug (D:2)
  2 leopard geckos (D:2)
  4 bats (D:1)
  2 giant cockroaches (D:2)
  3 hobgoblins
  4 jackals (D:2)
  A quokka (D:2)
  5 frilled lizards
  4 goblins (D:2)
  4 kobolds
  7 rats
42 creatures vanquished.

Notes
Turn   | Place    | Note
-------+----------+-------------------------------------------
     0 | D:1      | wojtek the Minotaur Fighter began the quest for the Orb.
     0 | D:1      | Reached XP level 1. HP: 19/19 MP: 0/0
   196 | D:1      | Reached skill level 3 in Axes
   290 | D:1      | Reached XP level 2. HP: 26/26 MP: 1/1
   547 | D:2      | Reached skill level 4 in Axes
   572 | D:2      | Reached XP level 3. HP: 31/31 MP: 2/2
   631 | D:2      | Reached skill level 5 in Axes
   632 | D:2      | Reached XP level 4. HP: 22/39 MP: 3/3
  1042 | D:2      | Found a runed door.
  1072 | D:2      | Found a blossoming altar of Fedhas.
  1072 | D:2      | Found a sacrificial altar of Ru.
  1072 | D:2      | Found an ornate altar of the Wu Jian Council.
  1072 | D:2      | Found a radiant altar of Vehumet.
  1090 | D:2      | Found a deep blue altar of Sif Muna.
  1090 | D:2      | Found a bloodstained altar of Trog.
  1239 | D:2      | Noticed Crazy Yiuf
  1247 | D:2      | Killed from afar by Crazy Yiuf

Skill      XL: |  1  2  3 |
---------------+----------+-----
Axes           | 3 4 5 |  5.9
Fighting       | |  3.6
Armour         | |  3.6
Shields        | |  3.6

Action                   |  1- 3 |  4- 6 || total
-------------------------+-------+-------++-------
Melee: War axe           |    65 |    36 ||   101
       Headbutt          |     5 |     5 ||    10
  Eat: Chunk             |       |     1 ||     1
Armor: Scale mail        |    49 |    16 ||    65
Dodge: Dodged            |    26 |     9 ||    35
Block: Shield            |    33 |    19 ||    52
